 Dungeon Crawl Stone Soup version 0.29-a0-1043-g569b05d6ff (webtiles) character file.

Game seed: 8403336922156335383

110 SensoryNuts the Poker (level 4, 0/41 HPs)
             Began as a Minotaur Monk on Aug 15, 2022.
             Slain by a bullfrog (6 damage)
             ... in a sewer.
             The game lasted 00:03:12 (2928 turns).

SensoryNuts the Poker (Minotaur Monk)               Turns: 2928, Time: 00:03:12

Health: 0/41       AC:  2    Str: 17    XL:     4   Next: 61%
Magic:  3/3        EV: 13    Int:  7    God:
Gold:   100        SH:  0    Dex: 13    Spells: 3/3 levels left

rFire   . . .      SeeInvis .   a - +0 spear
rCold   . . .      Faith    .   (no shield)
rNeg    . . .      Spirit   .   b - +0 robe
rPois   .          Reflect  .   (helmet restricted)
rElec   .          Harm     .   (no cloak)
rCorr   .          Rampage  .   (no gloves)
Will    .....                   (no boots)
Stlth   +.........              (no amulet)
HPRegen 0.13/turn               (no ring)
MPRegen 0.08/turn               (no ring)

@: very slow
A: horns 2, retaliatory headbutt
a: no special abilities


You were in a sewer.
You visited 1 branch of the dungeon, and saw 3 of its levels.
You also visited: Sewer.

You collected 100 gold pieces.

Inventory:

Hand Weapons
 a - a +0 spear (weapon)
Armour
 b - a +0 robe (worn)
Scrolls
 e - a scroll of vulnerability {unknown}
 f - a scroll of immolation {unknown}
 i - a scroll of poison {unknown}
 k - a scroll of enchant armour {unknown}
 m - a scroll of identify {unknown}
 n - a scroll of butterflies {unknown}
 o - 2 scrolls of fear {unknown}
 p - a scroll of magic mapping {unknown}
Potions
 c - 2 potions of ambrosia
 d - 2 potions of attraction {unknown}
 g - 2 potions of lignification {unknown}
 h - 2 potions of mutation {unknown}
 j - a potion of curing {unknown}
 l - a potion of degeneration {unknown}


   Skills:
 + Level 4.3 Fighting
 + Level 4.7 Polearms
 + Level 3.9 Dodging
 + Level 2.7 Stealth


You had 3 spell levels left.
You didn't know any spells.
Your spell library contained the following spells:

 Spells                   Type           Power      Damage    Failure   Level
 Magic Dart               Conj           0%         1d3       43%         1
 Sandblast                Erth           0%         2d4       43%         1
 Call Imp                 Summ           0%         N/A       56%         2
 Passwall                 Tmut/Erth      0%         N/A       56%         2
 Gell's Gravitas          Tloc           0%         N/A       80%         3
 Mephitic Cloud           Conj/Pois/Air  0%         N/A       80%         3
 Stone Arrow              Conj/Erth      0%         3d7       80%         3
 Teleport Other           Tloc           0%         N/A       80%         3
 Dispersal                Tloc           0%         N/A       100%        6


Dungeon Overview and Level Annotations

Branches:
Dungeon (3/15)              Sewer (1/1)

Altars:


Innate Abilities, Weirdness & Mutations

You have a pair of horns on your head.
You reflexively headbutt those who attack you in melee.


Message History

Your unstable footing causes you to fumble your attack.
The ball python bites you. The ball python grabs you.
The ball python constricts you. The bullfrog barely misses you.
The endoplasm misses you. The quokka bites you.
Your unstable footing causes you to fumble your attack.
The bullfrog hits you. The ball python closely misses you.
The ball python constricts you. The bullfrog hits you. The endoplasm hits you.
The quokka completely misses you.
Your unstable footing causes you to fumble your attack.
The ball python bites you. The ball python constricts you.
The bullfrog hits you. The quokka closely misses you.
You are too injured to fight recklessly!
You are too injured to fight recklessly!
You are too injured to fight recklessly!
You are too injured to fight recklessly!
You are too injured to fight recklessly!
You are too injured to fight recklessly!
You are too injured to fight recklessly!
You are too injured to fight recklessly!
You are too injured to fight recklessly!
You are too injured to fight recklessly!
You are too injured to fight recklessly!
You are too injured to fight recklessly!
Your unstable footing causes you to fumble your attack.
The ball python bites you but does no damage.
The ball python constricts you. The endoplasm barely misses you.
The bullfrog hits you!
* * * LOW HITPOINT WARNING * * *
Your unstable footing causes you to fumble your attack.
The quokka twitches its whiskers.
The quokka bites you.
* * * LOW HITPOINT WARNING * * *
The bullfrog closely misses you. The ball python misses you.
The ball python constricts you. The endoplasm barely misses you.
The ball python bites you but does no damage.
The ball python constricts you. The quokka bites you.
* * * LOW HITPOINT WARNING * * *
The bullfrog completely misses you.
You escape the ball python's grasp.
The bullfrog hits you.
You die...

#~~~~~~~~.~~..†.###
#~~†#########~†..~#
####~~.~..~.†~~####~~∩
##~~#.~~~~#####~~.~####
####~.~#######~∩.#~~~~~~~#
##~.~.~~~#..~~.~~~####~~~..
##~~.~#~~##~..~†~..~~~###†~~
#~~~~##†~#~†#######~~~~.##.~
##~~~##~~##.@#~~~≈≈###~~~~##~
#~~†~#~~~#~SFJ†~~.~≈≈##~~~.#~
##~..##~~~#~~..~~~~~~≈
##~~~##
#.~~~#.~.~#.~..$~~~~.~ #~~.~#
#∩.~~#~††~#~~.=??.~.~~ #~~~~#
#.~.~#~~~~#≈~~.!/[.~~~ #~~~~#
##~~~##~~~##≈~~..~.~≈≈
##~~~##
#~~~~#~~~~##≈≈..~≈≈≈≈##~~~~#.
##~~.##~~~.###≈≈≈≈≈###.~..##†


You could see a bullfrog, an endoplasm and a ball python.

Vanquished Creatures
  2 adders
  5 bats
  11 endoplasms
  13 giant cockroaches
  7 goblins
  2 hobgoblins (D:1)
  3 kobolds
  14 quokkas
  7 ball pythons
  11 frilled lizards
  4 rats
79 creatures vanquished.

Vanquished Creatures (others)
  2 plants (D:2)
2 creatures vanquished.

Grand Total: 81 creatures vanquished

Notes
Turn   | Place    | Note
-------+----------+-------------------------------------------
     0 | D:1      | SensoryNuts the Minotaur Monk began the quest for the Orb.
     0 | D:1      | Reached XP level 1. HP: 19/19 MP: 0/0
     2 | D:1      | Noticed a demonspawn
     2 | D:1      | Noticed a ghoul
     4 | D:1      | Noticed a vampire
     6 | D:1      | Noticed an elf
     8 | D:1      | Noticed a felid
     8 | D:1      | Noticed a minotaur
    10 | D:1      | Noticed an octopode
    10 | D:1      | Noticed a tengu
    12 | D:1      | Noticed an ogre
    12 | D:1      | Noticed a merfolk
    14 | D:1      | Noticed a draconian
    14 | D:1      | Noticed a troll
    16 | D:1      | Noticed a formicid
    16 | D:1      | Noticed a human
    18 | D:1      | Noticed a palentonga
    18 | D:1      | Noticed a naga
    20 | D:1      | Noticed a demigod
    20 | D:1      | Noticed a spriggan
    22 | D:1      | Noticed a meteoran
    24 | D:1      | Noticed a vine stalker
    24 | D:1      | Noticed a gargoyle
    26 | D:1      | Noticed a vampire
    26 | D:1      | Noticed a formicid
   216 | D:1      | Reached XP level 2. HP: 25/27 MP: 1/1
  1130 | D:1      | Found a faded altar of an unknown god.
  1259 | D:2      | Reached XP level 3. HP: 29/33 MP: 2/2
  2122 | D:3      | Found a glowing drain.
  2147 | Sewer    | Entered a sewer
  2169 | Sewer    | Reached XP level 4. HP: 28/40 MP: 3/3
  2919 | Sewer    | Noticed a bullfrog
  2928 | Sewer    | Slain by a bullfrog

Illustrated notes

Levels and vault maps discovered:
D:1:      kb_arrival_jail, layout_loops_corners,
          hellmonk_ecumenical_altar_inner_sanctum, nrook_mini_backslash
D:2:      layout_rooms, serial_bayou_pond_b, chequers_decorated_corner,
          chequers_big_river
D:3:      layout_loops_ring, portal_sewer_entry_f, uniq_robin
Sewer:    sewer_frog_island_02

Skill      XL: |  1  2  3 |
---------------+----------+-----
Polearms       | 4 |  4.7
Fighting       | 4 |  4.3
Stealth        | 2 |  2.7
Dodging        | |  3.9

Action                   |  1- 3 |  4- 6 || total
-------------------------+-------+-------++-------
Melee: Spear             |   102 |   116 ||   218
       Headbutt          |     7 |     9 ||    16
       Punch             |       |     1 ||     1
  Use: Potion            |     1 |       ||     1
 Stab: Sleeping          |    10 |     2 ||    12
Armor: Robe              |     6 |    12 ||    18
Dodge: Dodged            |    72 |    45 ||   117

Table legend: (Time is in decaauts)
 A = Elapsed time spent in this place.
 B = Non-inter-level travel time spent in this place.
 C = Inter-level travel time spent in this place.
 D = Time resting spent in this place.
 E = Time spent auto-exploring this place.
 F = Levels seen in this place.
 G = Mean time per level.
                   A        B        C        D        E       F      G
               +--------+--------+--------+--------+--------+-----+--------+
         Total |   2971 |   2907 |     64 |      0 |   2439 |   4 |  742.8 |
       Dungeon |   2151 |   2087 |     64 |      0 |   1834 |   3 |  717.0 |
         Sewer |    820 |    820 |      0 |      0 |    604 |   1 |  820.0 |
               +--------+--------+--------+--------+--------+-----+--------+

Top non-repeatable levels by time:
     D:1: 1175 daAuts
     D:2: 871 daAuts
   Sewer: 820 daAuts
     D:3: 103 daAuts
